Unix NetHack Version 3.7.0-59 Work-in-progress - last build Jun 15 2022 22:00:42 (ba19de5de9b105df43ec81f7b8aaf5e01ff60ae8,branch:master). Game began 2022-06-20 02:44:49, ended 2022-06-21 19:25:13. cathartes, neutral female gnomish Archeologist A &@ A--------- D |.......|N |@@E.@..| ------ A g|..._..A| |.... - - @|.%%...a|D ----- --..--------- | |. --.q | |..D..'.| | .......-- --...|.......| |. @ |.A.@---aaaB. @ |. ----A---- .| .....%%.%---%...|0.?@...| A D |...A...-.P.AA@&a...AB |..e..$.).....| ...%.%%)[.%%..%['H..)_...| |. A |.@qA---Aa.@A.. ---.@.%(...@--- -.....))..---%A.)|)......| D | @ |. --A. ... -----|----- --.D.D0..-- --...|.......| @ - ---- -- .%D@.a%-- ----%---- --..--------- A |...------- .@.a..%.--------...- |... |.N% )@...| A.....%Am|..D.%.@.... ----- -------...-- .ABa..%.--..'J...... T.| |....--.....A.--D....%.........| ---...----A----%@........TU...&| |t)....0%%...0..(t.%.. W.D...| --------------------- ---- Cathartes the Curator St:18/19 Dx:18 Co:18 In:19 Wi:17 Ch:16 Neutral Astral Plane $:0 HP:0(138) Pw:176(188) AC:-31 Exp:30 T:34956 Latest messages: But it reflects from your medallion! The magic missile hits Death. The Angel of Moloch swings his long sword. The Angel of Moloch misses! The Angel of Moloch swings his long sword. The Angel of Moloch misses! The Angel of Moloch just misses! The Angel of Moloch casts a spell at you! You are hit by a shower of missiles! The missiles bounce off! What do you want to use or apply? [achklqstwxzCHKWXZ or ?*] h e - an uncursed amulet of life saving. Death reaches out with its deadly touch. You feel your life force draining away... Death reaches out with its deadly touch. You feel your life force draining away... Pick an object. What do you want to use or apply? [achklqstwxzCHKWXZ or ?*] h V - an uncursed wand of wishing (1:2). Death reaches out with its deadly touch. Lucky for you, it didn't work! Death reaches out with its deadly touch. You feel your life force draining away... The Angel of Moloch swings his long sword. The Angel of Moloch hits! The Angel of Moloch swings his long sword. The Angel of Moloch hits! The Angel of Moloch hits! The Angel of Moloch casts a spell at you! You are hit by a shower of missiles! The missiles bounce off! What do you want to use or apply? [achklqstwxzCHKV-XZ or ?*] s In what direction? l Status of Death (neutral): Level 36 HP 32(50) AC -5, fast. You hit Death! Death reaches out with its deadly touch. You feel your life force draining away... Death reaches out with its deadly touch. You feel your life force draining away... The Aleax picks up a mace. The Aleax picks up a scroll of teleportation. The Angel of Moloch swings his long sword. The Angel of Moloch hits! You die... Do you want your possessions identified? [ynq] (y) y Do you want to see your attributes? [ynq] (y) y Do you want an account of creatures vanquished? [ynaq] (y) y Do you want a list of species genocided and extinct? [ynq] (y) y Do you want to see your conduct and achievements? [ynq] (y) y Do you want to see the dungeon overview? [ynq] (y) y Major events: Turn 1: cathartes the neutral female gnomish Archeologist entered the dungeon 590: entered the Gnomish Mines 1322: attained the rank of Field Worker (level 3) 1825: reached Mine Town 2165: made her first wish - "blessed +2 gray dragon scale mail", got "a gray dragon scale mail" 4212: attained the rank of Investigator (level 6) 5153: entered Sokoban 5396: completed sokoban 1 5843: completed sokoban 2 6441: completed sokoban 3 7418: completed sokoban 4 7592: acquired the Sokoban amulet of reflection 10686: acquired the Mines' End luckstone 11045: attained the rank of Exhumer (level 10) 12256: stole 1 zorkmid worth of merchandise from Tjiwidej's delicatessen 12534: stole 1 zorkmid worth of merchandise from Tjiwidej's delicatessen 12608: stole 1 zorkmid worth of merchandise from Tjiwidej's delicatessen 13151: bestowed with Cleaver by Camaxtli 13267: stole 1 zorkmid worth of merchandise from Tjiwidej's delicatessen 15751: became Camaxtli's Envoy of Balance 15751: bestowed with Vorpal Blade 24164: wished for "3 blessed CHARGING named ROUGELIKE", got "a scroll labeled GARVEN DEH named ROUGELIKE" 24166: wished for "uncursed marker named red is a rougelike color", got "a magic marker named red is a rougelike color" 24645: entered Gehennom 24737: attained the rank of Excavator (level 14) 26932: killed the Minion of Huhetotl 26932: found the Orb of Detection carried by a monster 26936: acquired the Bell of Opening 28885: acquired the Book of the Dead 29342: attained the rank of Spelunker (level 18) 29416: attained the rank of Speleologist (level 22) 29589: attained the rank of Collector (level 26) 29699: attained the rank of Curator (level 30) 30268: killed the invisible Orcus 30891: destroyed Vlad the Impaler 30893: acquired the Candelabrum of Invocation 31155: made her first artifact wish - "blessed eyes of the overworld named just breaking artiwish; also, rougelike!", got "a pair of lenses named the Eyes of the Overworld" 31491: killed Juiblex 31780: killed Asmodeus 32059: killed Baalzebub 32333: performed the invocation 32344: killed the Wizard of Yendor 32710: killed the Wizard of Yendor (2nd time) 32737: killed the high priest of Moloch 32740: acquired The Amulet of Yendor 33687: killed Medusa 34175: performed her first genocide (kittens) 34254: entered the Elemental Planes 34254: entered Plane of Earth 34255: killed the Wizard of Yendor (3rd time) 34287: entered Plane of Air 34396: entered Plane of Fire 34478: entered Plane of Water 34538: entered the Astral Plane 34543: found Fire Brand carried by a monster 34569: killed Pestilence 34640: killed Pestilence (2nd time) 34686: genocided demiliches 34706: killed the invisible Famine 34731: found Demonbane carried by a monster 34941: killed Death 34956: killed by an Angel of Moloch Inventory: Weapons a - a blessed rustproof +6 dwarvish mattock (weapon in hands) Armor E - a cursed thoroughly burnt +3 fedora (being worn) r - an uncursed fireproof +3 pair of leather gloves (being worn) b - an uncursed +0 pair of levitation boots d - a cursed fireproof +3 pair of speed boots (being worn) n - a blessed fireproof +4 cloak of protection (being worn) B - an uncursed +5 Hawaiian shirt with a jellyfish motif (being worn) S - an uncursed +5 gray dragon scale mail (being worn) Amulets e - an uncursed amulet of life saving Q - a cursed amulet of reflection (being worn) Y - the uncursed Amulet of Yendor named rougelike Rings D - an uncursed ring of slow digestion (on right hand) N - a cursed ring of teleport control (on left hand) Tools z - an uncursed sack named emergency containing 2 items h - a cursed sack containing 45 items q - a cursed tooled horn X - the uncursed Bell of Opening (0:0) W - the cursed Candelabrum of Invocation (0 of 7 candles attached) l - an uncursed leash K - an uncursed magic lamp (lit) w - an uncursed magic whistle k - a cursed skeleton key s - an uncursed stethoscope t - an uncursed towel H - a blessed +0 unicorn horn c - a cursed +0 unicorn horn Wands C - an uncursed wand of death (0:8) x - an uncursed wand of death (0:0) V - an uncursed wand of wishing (1:2) Spellbooks Z - the uncursed Book of the Dead Gems/Stones P - 4 uncursed amber stones R - 3 uncursed black opals O - 3 uncursed chrysoberyl stones A - a cursed diamond T - 4 uncursed emeralds I - an uncursed ruby U - 3 uncursed topaz stones j - a cursed luckstone Contents of the sack: 2715 gold pieces the blessed Eyes of the Overworld an uncursed magic marker named red is a rougelike color (1:11) a blessed scroll of blank paper 3 uncursed scrolls of blank paper an uncursed scroll of food detection an uncursed scroll of light 2 uncursed scrolls of remove curse an uncursed scroll of scare monster 2 blessed scrolls of teleportation 3 potions of holy water a potion of unholy water an uncursed wand of cancellation (0:5) an uncursed wand of cancellation (0:4) an uncursed wand of death (0:0) a cursed wand of death (0:0) an uncursed wand of digging (0:8) an uncursed wand of digging (0:7) an uncursed wand of digging (0:4) an uncursed wand of fire (0:5) a blessed wand of polymorph (0:3) a blessed wand of teleportation (0:0) an uncursed wand of teleportation (0:0) an uncursed wand of teleportation (0:0) an uncursed wand of undead turning (0:5) an uncursed shoot of water spinach 2 uncursed lembas wafers an uncursed lizard corpse 4 uncursed agate stones an uncursed amber stone an uncursed amethyst stone 4 uncursed amethyst stones 2 uncursed aquamarine stones 3 uncursed citrine stones 3 uncursed diamonds 7 uncursed emeralds 2 uncursed fluorite stones 2 uncursed jade stones 6 uncursed obsidian stones 5 uncursed opals 6 uncursed rubies 3 uncursed sapphires 3 uncursed topaz stones an uncursed turquoise stone an uncursed touchstone Contents of the sack named emergency: a blessed scroll of remove curse a potion of holy water Cathartes the Archeologist's attributes: Background: You were a Curator, a level 30 female gnomish Archeologist. You were neutral, on a mission for Camaxtli who was opposed by Quetzalcoatl (lawful) and Huhetotl (chaotic). You were in the endgame, on the Astral Plane. You entered the dungeon 34956 turns ago. You had 100125335 experience points. Basics: You had 0 out of 138 hit points. You had 176 out of 188 energy points (spell power). Your armor class was -31. Your wallet was empty. Autopickup was on for '*_' plus thrown, with exceptions. Final Characteristics: Your strength was 18/19 (limit:18/50). Your dexterity was 18 (limit:18). Your constitution was 18 (limit:18). Your intelligence was 19 (limit:19). Your wisdom was 17 (peak:18, limit:18). Your charisma was 16 (limit:18). Final Status: You were not hungry. You were unencumbered. You were wielding a mattock. You had expert skill with pick-axe. Final Attributes: You were the Envoy of Balance. You were piously aligned. You were magic-protected. You were fire resistant. You were cold resistant. You were sleep resistant. You were shock resistant. You were poison resistant. You could recognize detrimental food. You saw invisible. You were telepathic. You had automatic searching. You had infravision. You were sensing the presence of monsters. You were stealthy. You could teleport. You had teleport control. You had slower digestion. You had a small defense bonus (+4). You were protected. You were very fast. You had reflection. You were very lucky. You had reduced luck. Bad luck did not time out for you. You are dead. Miscellaneous: You disabled loading of bones levels. Total elapsed playing time was 14 hours, 28 minutes and 41 seconds. Vanquished creatures: Asmodeus Baalzebub Orcus Juiblex the Wizard of Yendor (thrice) Death Pestilence (twice) Famine Vlad the Impaler 2 arch-liches a high cleric 4 mastodons Medusa 8 krakens an Archon 3 iron golems 8 master liches 2 storm giants a balrog the Minion of Huhetotl 5 purple worms 5 silver dragons 6 red dragons 2 white dragons an orange dragon 5 black dragons 5 blue dragons 4 green dragons 2 yellow dragons 10 minotaurs 4 jabberwocks 13 Angels 5 demiliches 2 stone golems 3 master mind flayers 6 Olog-hai a Nazgul 4 pit fiends 3 sandestins a hell hound 6 displacer beasts 4 titanotheres 4 trappers 4 guardian nagas 4 genetic engineers 29 vampire leaders 5 skeletons 29 aligned clerics 3 captains 10 liches 3 clay golems 6 nurses 3 ice devils 4 nalfeshnees 3 lurkers above 3 Aleaxes 4 frost giants 6 ettins 2 golden nagas 4 black puddings 45 vampires 10 lieutenants 56 ghosts an archeologist a healer a knight a ranger a queen bee 4 winged gargoyles 2 mind flayers 2 giant mimics 2 long worms 4 zruties 5 fire giants 9 ogre tyrants 2 ice trolls 5 rock trolls 7 umber hulks 4 flesh golems 10 elven monarchs 3 doppelgangers 5 hezrous 10 bone devils 4 large mimics 6 fire vortices 4 couatls 9 stalkers 3 air elementals 4 fire elementals 3 earth elementals 4 water elementals 11 hill giants 5 giant mummies 2 black nagas 12 xorns 24 giant zombies 15 elf-nobles 6 sergeants 14 barbed devils 6 vrocks 4 salamanders 5 wargs 3 winter wolves 2 hell hound pups 14 small mimics a glass piercer 4 warhorses 2 steam vortices 8 xans 4 ettin mummies 4 ogre leaders 6 quantum mechanics 8 trolls a sasquatch 2 wood golems 2 erinyes 2 mariliths 5 sharks 2 electric eels 4 gelatinous cubes 2 pyrolisks 2 large dogs 4 freezing spheres 2 flaming spheres 5 shocking spheres 2 large cats 3 tigers 7 gargoyles a dwarf ruler 3 tengu 8 ochre jellies 5 leocrottas 3 energy vortices 4 mountain centaurs 2 stone giants 4 elf mummies 26 human mummies 4 red nagas 5 green slimes 12 pythons 13 pit vipers 11 cobras 87 wraiths 2 carnivorous apes 25 ettin zombies a leather golem 4 Grey-elves 45 soldiers 5 watchmen 6 amorous demons 14 horned devils 8 chameleons 4 crocodiles 30 giant beetles 5 quivering blobs 18 cockatrices 16 wolves 5 winter wolf cubs 3 lynxes 2 panthers 5 gremlins 32 leprechauns 5 orc-captains 3 iron piercers 4 mumakil 5 giant spiders 2 scorpions 3 horses 3 ice vortices a black light 7 vampire bats 7 forest centaurs 5 gnome rulers 5 orc mummies 5 dwarf mummies 3 ogres 2 brown puddings 9 rust monsters 6 owlbears 2 yetis a gold golem 4 werewolves 7 Green-elves 5 piranha 16 giant eels 12 lizards 4 dingoes a housecat 4 jaguars a dwarf leader 5 blue jellies 2 white unicorns 5 black unicorns 7 dust vortices 3 ravens 4 plains centaurs 5 gnome mummies 32 snakes 7 apes 29 human zombies 3 rope golems 14 Woodland-elves 23 soldier ants 24 fire ants 35 bugbears 2 imps 3 lemures 4 quasits a wood nymph 5 water nymphs 6 mountain nymphs 15 Mordor orcs 16 Uruk-hai 6 orc shamans 8 rock piercers 5 rock moles 3 fog clouds 11 yellow lights a shrieker 9 violet fungi 9 gnome leaders 5 gnomish wizards a Kop Lieutenant 2 kobold mummies 6 gray oozes 21 elf zombies 26 ghouls 2 straw golems a paper golem a jellyfish 38 giant ants 2 little dogs 9 floating eyes 2 kittens 22 dwarves 6 homunculi a kobold leader 3 kobold shamans 7 hill orcs 17 rothes 2 rabid rats 3 centipedes 5 giant bats 2 Kop Sergeants 4 monkeys 30 orc zombies 30 dwarf zombies 4 wererats 3 werejackals 15 iguanas 22 killer bees 23 acid blobs 4 coyotes a gas spore 10 hobbits 11 manes 2 large kobolds 32 hobgoblins 12 giant rats 3 cave spiders 3 brown molds 5 yellow molds a green mold 2 red molds 21 gnomes 14 Keystone Kops 8 garter snakes 22 gnome zombies 14 geckos 12 jackals 4 foxes 2 kobolds 6 goblins 5 sewer rats 16 grid bugs 10 lichens 19 kobold zombies 11 newts 2116 creatures vanquished. Genocided or extinct species: kittens demiliches erinyes (extinct) 2 species genocided. 1 species extinct. Voluntary challenges: You read items or engraved 150 times. You engraved Elbereth 24 times. You genocided 2 types of monsters. You used 4 wishes (1 for an artifact). You did not violate any of the special Sokoban rules. Achievements: You entered the Gnomish Mines. You entered a shop. You attained the rank of Field Worker. You entered Minetown. You entered a temple. You attained the rank of Investigator. You entered Sokoban. You completed Sokoban. You completed the Gnomish Mines. You attained the rank of Exhumer. You learned the tune to open and close the Castle's drawbridge. You entered Gehennom. You attained the rank of Excavator. You had the Bell of Opening. You had the Book of the Dead. You attained the rank of Spelunker. You attained the rank of Speleologist. You attained the rank of Collector. You attained the rank of Curator. You had the Candelabrum of Invocation. You gained access to Moloch's Sanctum. You had the Amulet of Yendor. You defeated Medusa. You reached the Elemental Planes. You reached the Astral Plane. The Elemental Planes: Astral Plane: <- You were here. Many altars. Final resting place for you, killed by an Angel of Moloch. Plane of Water: Plane of Fire: Plane of Air: Plane of Earth: The Dungeons of Doom: levels 1 to 26 Level 1: "vault" A fountain. One way stairs up to The Elemental Planes. Level 2: A delicatessen, an altar to Camaxtli, a sink. Stairs down to The Gnomish Mines. Level 3: An armor shop. Level 4: "stash, vault" An altar to Camaxtli, a fountain. Level 5: Level 6: "vault" Some fountains. Level 7: A throne. Level 8: Many fountains. Level 9: A fountain. Stairs up to Sokoban, level 8. Level 10: Level 11: Level 12: A throne, a fountain. Level 13: Some fountains. Level 14: Level 15: A primitive area. Portal to The Quest. Level 16: Level 17: Many graves. Level 18: Level 19: A throne. Level 20: Level 21: A throne, a fountain. Level 22: Level 23: A grave. Level 24: Level 25: Level 26: A throne, a fountain. The castle (play notes "EGEFB" to open or close drawbridge). Connection to Gehennom. Gehennom: levels 27 to 49 Level 27: A temple, many graves. Valley of the Dead. Level 28: Level 29: Level 30: Level 31: "juiblex" A fountain. Level 32: Level 33: "asmodeus" Level 34: "baalzebub" Level 35: Level 36: Stairs up to Vlad's Tower, level 35. Level 37: An untended shop, an altar, many graves. Level 38: "wizard" Level 39: Level 40: Level 41: Level 42: Level 43: Level 44: Level 45: Level 46: Level 47: "fake tower" Level 48: Level 49: A temple, many graves. Moloch's Sanctum. The Gnomish Mines: levels 3 to 11 Level 3: Level 4: Level 5: Level 6: Many shops, a temple, many fountains. Level 7: Level 8: Level 9: Level 10: Level 11: The Quest: levels 1 to 6 Level 1: A throne. Completed quest for Lord Carnarvon. Level 2: Level 3: Some temples. Level 4: Level 5: Level 6: An altar. Sokoban: levels 8 up to 5 Level 5: Solved. Level 6: Solved. Level 7: Solved. Level 8: Solved. Vlad's Tower: levels 35 up to 33 Level 33: A throne. Level 34: Level 35: Game over: ---------- / \ / REST \ / IN \ / PEACE \ / \ | cathartes | | 2715 Au | | killed by an | | Angel of Moloch | | | | | | 2022 | *| * * * | * _________)/\\_//(\/(/\)/\//\/|_)_______ Goodbye cathartes the Archeologist... You died in The Astral Plane with 1150062 points, and 2715 pieces of gold, after 34956 moves. You were level 30 with a maximum of 138 hit points when you died.